AoeStats
← AxingQuestions

Arena

509765499Analyzed
4v4 RM · 4d ago on Sep 27, 2026· 29m 42s· 8 players
Game mode
Random Map
Map size
Large (8 player)
Population
200
Speed
Normal
Resources
Standard
Victory
Conquest
Starting age
Dark Age
Ending age
Imperial Age
RankedLock teamsTeams togetherTeam positionsShared explorationLock speedFull tech treeHidden civsTurbo modeCheats
Victory
Defeat
🇨🇴 Lithuanians · Colombia
1263
+14
🇺🇸 Persians · United States
1220
+15
🇺🇸 Britons · United States
1220
+15
🇺🇸 Vikings · United States
1215
+16
🇨🇱 Malay · Chile
1268
-17
🇵🇪 Poles · Peru
1212
-15
🇨🇳 Malians · China
1207
-15
🇦🇷 Cumans · Argentina
1147
-13
jc_lucas_01
10:40 Feudal Age
11:08 Double-Bit Axe
15:47 Castle Age
14:41 Horse Collar
17:17 Bow Saw
17:11 Heavy Plow
22:18 Wheelbarrow
29:48 Hand Cart
AxingQuestions
10:34 Feudal Age
14:42 Castle Age
12:41 Double-Bit Axe
13:22 Horse Collar
14:52 Loom
15:51 Bow Saw
16:12 Heavy Plow
16:54 Loom
19:07 Town Watch
22:33 Gold Mining
23:34 Town Patrol
29:26 Imperial Age
26:55 Treadmill Crane
28:58 Stone Mining
29:44 Gold Shaft Mining
NewbieNoobster
11:43 Feudal Age
15:41 Castle Age
13:32 Double-Bit Axe
14:11 Horse Collar
15:42 Fletching
20:02 Loom
20:06 Town Watch
22:31 Wheelbarrow
24:15 Bodkin Arrow
24:34 Crossbowman
[VA] Santi.TNT
10:26 Feudal Age
14:24 Castle Age
12:34 Double-Bit Axe
13:23 Horse Collar
15:55 Bow Saw
21:37 Loom
22:43 Gold Mining
23:16 Stone Mining
24:28 Wheelbarrow
24:28 Town Watch
24:45 Heavy Plow
29:31 Imperial Age
27:12 Scale Barding Armor
28:23 Chain Barding Armor
28:16 Forging
28:48 Bloodlines
28:38 Husbandry
29:51 Stone Shaft Mining
29:38 Cavalier
Pe | xfirecorsair
11:26 Feudal Age
11:46 Feudal Age
16:58 Castle Age
15:01 Horse Collar
15:52 Double-Bit Axe
16:12 Gold Mining
18:17 Bow Saw
18:09 Heavy Plow
19:15 Loom
Camilo100
8:29 Feudal Age
9:02 Double-Bit Axe
8:58 Horse Collar
19:18 Castle Age
18:40 Wheelbarrow
17:59 Gold Mining
18:52 Forging
19:10 Scale Barding Armor
20:02 Bloodlines
AiM | Nelo
HajimiManbo
11:12 Feudal Age
12:10 Double-Bit Axe
12:06 Horse Collar
15:05 Castle Age
13:57 Loom
18:58 Scale Mail Armor
19:10 Forging
19:27 Bow Saw
20:02 Wheelbarrow
23:22 Chain Mail Armor
23:47 Iron Casting
Connection lost

Rejoining the realm…

Still unreachable

The connection could not be restored.

Session expired

The server has moved on; the page needs a fresh start.